 Dungeon Crawl Stone Soup version 0.31.0-12-g77e489cdc1 (webtiles) character file.

Game seed: 10495952625233554688

55 Doomgape the Ruffian (level 3, -13/30 HPs)
             Began as a Draconian Shapeshifter on Feb 18, 2024.
             Mangled by an ogre
             ... wielding a +0 giant club
              (30 damage)
             ... on level 4 of the Dungeon.
             The game lasted 00:04:45 (2403 turns).

Doomgape the Ruffian (Draconian Shapeshifter)       Turns: 2403, Time: 00:04:46

Health: -13/30     AC:  5    Str: 18    XL:     3   Next: 67%
Magic:  3/3        EV: 12    Int: 10    God:
Gold:   198        SH:  0    Dex: 10    Spells: 2/2 levels left

rFire   . .          .
                       - Unarmed
rCold   . . .        (no shield)
rNeg    . . .        (body armour unavailable)
rPois   +            (helmet currently unavailable)
rElec   .            (cloak currently unavailable)
rCorr   .            (gloves currently unavailable)
SInv    .            (boots currently unavailable)
Will    .....        (no amulet)
Stlth   +            e - ring of poison resistance
HPRegen 0.25/turn    (no ring)
MPRegen 0.08/turn

%: no passive effects
@: beast-form
A: beast (slay +2), AC +5, unfitting armour, cold-blooded
a: Begin Untransformation


You were on level 4 of the Dungeon.
You were a hulking beast.
You visited 1 branch of the dungeon, and saw 4 of its levels.

You collected 198 gold pieces.

Inventory:

Missiles
 o - a throwing net (quivered)
Jewellery
 e - a ring of poison resistance (left hand)
Talismans
 b - a beast talisman
 c - a flux talisman
Wands
 n - a wand of iceblast (3)
Scrolls
 d - 2 scrolls of teleportation
 g - a scroll of enchant weapon {unknown}
 l - 2 scrolls of identify
 m - a scroll of fear
Potions
 a - a potion of lignification
 f - 2 potions of haste
 h - 2 potions of heal wounds {unknown}
 i - 2 potions of enlightenment {unknown}
 j - a potion of ambrosia {unknown}
 k - 2 potions of curing {unknown}


   Skills:
 + Level 2.4 Fighting
 - Level 1.7 Dodging
 + Level 3.6 Unarmed Combat
 + Level 3.5 Shapeshifting


You had 2 spell levels left.
You didn't know any spells.
Your spell library contained the following spells:

 Spells                   Type           Power      Damage    Failure   Level
 Magic Dart               Conj           0%         1d3       36%         1
 Searing Ray              Conj           0%         2d4       50%         2
 Fulminant Prism          Conj/Alch      0%         3d5       98%         4


Dungeon Overview and Level Annotations

Branches:
Dungeon (4/15)
 Temple: D:4-7

Altars:

Annotations:
D:3 3 runed translucent doors, paavali's ghost, amateur OpSh
D:4 1 runed translucent door, fugi1604's ghost, amateur GrMo


Innate Abilities, Weirdness & Mutations

You are a hulking beast.
Your limbs bulge with bestial killing power. (Slay +2)
Your plain brown scales are hard. (AC +5)
You cannot fit into any form of body armour.
You are cold-blooded and may be slowed by cold attacks.


Message History

You see here a +0 dagger.
You see here a ball python skeleton.
There is a stone staircase leading down here.
You climb downwards.
Found 5 poisoned darts and 18 gold pieces.
Found an escape hatch in the ceiling.
There is a stone staircase leading up here.
The goblin shouts!
The goblin hits you with a +0 club.
You barely miss the goblin. You punch the goblin!
You kill the goblin!
No target in view!
No target in view!
No target in view!
Unknown command.
You open the door.
There is an open door here.
Found a runed translucent door.
The adder hisses angrily.
Found a glowing cloak.
Unknown command.
Unknown command.
An ogre comes into view. It is wielding a +0 giant club.
The ogre shouts!
Aiming: Iceblast
Press: ? - help, Shift-Dir - straight line, f - ogre
Aim: an ogre, wielding a +0 giant club The mass of ice explodes!
The iceblast engulfs the ogre!
The ogre is moderately wounded.
The ball python hisses angrily.
You hear a shout! x2
Unknown command.
You punch the ogre!
The ogre is severely wounded.
The ogre hits you with a +0 giant club!
You hit the ogre.
The ogre is almost dead.
The ogre hits you with a +0 giant club!!
Ouch! That really hurt!
You die...

..........
.........
.........
.........
........#######
........#B~~~~~
......O.+FS~~[~
##h#SW~~~~
#..##########
+....##.....#
#....##.....#
##.<.##.....##
#......<.....#
#.##.##......#
#.##..'...(..#
#.#####..$...#


You could see an ogre, a bullfrog, fugi1604's ghost, an adder, a giant cockroach
and a ball python.

Vanquished Creatures
  An adder (D:2)
  A dart slug (D:3)
  2 ribbon worms
  2 ball pythons
  5 endoplasms
  A giant cockroach (D:1)
  2 hobgoblins
  6 kobolds
  3 quokkas
  4 bats
  3 frilled lizards
  4 goblins
  3 rats
37 creatures vanquished.

Notes
Turn   | Place    | Note
-------+----------+-------------------------------------------
     0 | D:1      | Doomgape the Draconian Shapeshifter began the quest for the
                  | Orb.
     0 | D:1      | Reached XP level 1. HP: 16/16 MP: 1/1
    75 | D:1      | Found a faded altar of an unknown god.
   432 | D:1      | Reached XP level 2. HP: 23/23 MP: 2/2
  1032 | D:2      | Reached XP level 3. HP: 29/29 MP: 3/3
  1559 | D:3      | Found a runed translucent gate.
  1559 | D:3      | Found a runed translucent gate.
  1559 | D:3      | Found a runed translucent gate.
  1972 | D:3      | Noticed paavali's ghost (amateur OpSh)
  2394 | D:4      | Found a runed translucent door.
  2397 | D:4      | Noticed a bullfrog
  2398 | D:4      | Noticed fugi1604's ghost (amateur GrMo)
  2400 | D:4      | Noticed an ogre
  2403 | D:4      | Mangled by an ogre

Illustrated notes

Levels and vault maps discovered:
D:1:      wander_arrival_fairy_ring, layout_loops_ring,
          shapermc_ecumenical_altar_mp_ritualfount, serial_bayou_ford_a,
          minmay_domino_2
D:2:      layout_loops_ring, minmay_misc_feat_enclosed
D:3:      layout_loops_corners, gammafunk_ghost_icy
D:4:      layout_basic, elyvilon_altar_1, mainiacjoe_overflow_alcove_1,
          chequers_temple_overflow_statue_of_worship, ebering_ghost_sewer_f

Skill      XL: |  1  2 |
---------------+-------+-----
Fighting       | 2 |  2.4
Dodging        | |  1.7
Unarmed Combat | |  3.6
Shapeshifting  | |  3.5

Action                     || total
---------------------------++-------
  Melee: Unarmed           ||   109
         Tailslap          ||    15
         Punch             ||     4
  Evoke: Wand              ||     1
    Use: Scroll            ||     6
 Armour: Skin              ||    51
  Dodge: Dodged            ||    55
